 Dungeon Crawl Stone Soup version 0.24-a0-375-g4de66ed42b (webtiles) character file.

Game seed: 6802427727148975876

896 ohad the Changer (level 8, -7/57 HPs)
             Began as an Octopode Transmuter on May 31, 2019.
             Killed by nerve-wracking pain
             ... invoked by an orc priest
              (11 damage)
             ... on level 6 of the Dungeon.
             The game lasted 00:13:09 (7436 turns).

ohad the Changer (Octopode Transmuter)              Turns: 7436, Time: 00:13:09

Health: -7/57      AC:  6    Str:  9    XL:     8   Next: 7%
Magic:  13/15      EV: 10    Int: 17    God:
Gold:   304        SH:  0    Dex: 13    Spells: 6/16 levels left

rFire    x . .     SeeInvis .     - Unarmed
rCold    + + +     Gourm    .   (shield currently unavailable)
rNeg     . . .     Faith    +   (helmet currently unavailable)
rPois    +         Spirit   .   l - amulet of faith
rElec    .         Reflect  .   m - ring of poison resistance
rCorr    .         Harm     .   (no ring)
MR       .....                  (no ring)
Stlth    +.........             (no ring)
HPRegen  0.19/turn              (no ring)
MPRegen  0.14/turn              (no ring)
                                (no ring)
                                (no ring)

@: ice-form
A: large, almost no armour, stealthy swim, amphibious, 8 rings, (constrict 8)
a: End Transformation


You were on level 6 of the Dungeon.
You were not hungry.
You were a creature of crystalline ice.
You visited 1 branch of the dungeon, and saw 6 of its levels.

You collected 304 gold pieces.

Inventory:

Hand Weapons
 k - a +0 short sword of electrocution
Missiles
 a - 19 arrows
 n - 12 poisoned darts (quivered)
 u - 4 boomerangs
 w - 3 javelins
Jewellery
 l - an amulet of faith (around neck)
 m - a ring of poison resistance (left front paw)
Wands
 y - a wand of random effects (16)
Scrolls
 e - 4 scrolls of identify {unknown}
 f - a scroll of fog {unknown}
 g - 4 scrolls of remove curse {unknown}
 h - 2 scrolls of blinking {unknown}
 i - 2 scrolls of random uselessness {unknown}
 j - 2 scrolls of immolation {unknown}
 p - 4 scrolls of teleportation {unknown}
 q - 3 scrolls of enchant armour {unknown}
 s - a scroll of amnesia {unknown}
 x - 2 scrolls of enchant weapon {unknown}
Potions
 b - 2 potions of lignification {unknown}
 d - a potion of mutation {unknown}
 o - a potion of cancellation {unknown}
 r - a potion of brilliance {unknown}
 t - a potion of ambrosia {unknown}
 v - a potion of invisibility {unknown}
 A - a potion of flight {unknown}
 B - a potion of degeneration {unknown}
Comestibles
 c - 9 rations
 z - 6 chunks of flesh


   Skills:
 - Level 1.0 Fighting
 - Level 2.0 Dodging
 + Level 4.9 Unarmed Combat
 + Level 4.9 Spellcasting
 + Level 5.3 Transmutations
 - Level 3.4 Ice Magic


You had 6 spell levels left.
You knew the following spells:

 Your Spells              Type           Power        Failure   Level  Hunger
a - Beastly Appendage     Tmut           ###...       1%          1    None
b - Sticks to Snakes      Tmut           ###.....     2%          2    #......
c - Spider Form           Tmut/Pois      ##........   14%         3    ###....
d - Ice Form              Ice/Tmut       ###.....     24%         4    ####...

Your spell library contained the following spells:

 Spells                   Type           Power        Failure   Level  Hunger
 Blade Hands              Tmut           ###.......   41%         5    ######.


Dungeon Overview and Level Annotations

Branches:
Dungeon (6/15)
 Temple: D:4-7

Altars:
Dithmenos
Hepliaklqana
Uskayaw


Innate Abilities, Weirdness & Mutations

You cannot wear most types of armour.
You are very stealthy in the water. (Stealth+)
You are amphibious.
You can wear up to eight rings at the same time.
((You can use your tentacles to constrict eight enemies at once.))
((Your skin changes colour to match your surroundings (Stealth+).))
((Your rubbery body absorbs attacks. (AC +1, EV +1)))


Message History

Things that are here:
a +0 dagger; a +0 robe; an orc corpse Unknown command.
An orc wizard comes into view. It is wielding a +0 dagger.
The orc wizard moves out of view.
The orc priest calls down the wrath of Beogh upon you.
You struggle to resist.
The orc priest invokes the aid of Beogh against you.
Pain shoots through your body!
* * * LOW HITPOINT WARNING * * *
The orc wizard gestures wildly while chanting.
The orc wizard blinks!
The orc wizard casts a spell at you. The magic dart hits you.
* * * LOW HITPOINT WARNING * * *
The orc wizard gestures wildly while chanting.
The orc wizard seems to speed up.
The orc priest invokes the aid of Beogh against you.
Pain shoots through your body!
You die...

#### ############ #..
......<.[..# #.#
.#########.###.##
##.##...##
#.###)..>....####...
#.....).)...<.....#
#####.......Y###..#
>########.#<...........
#.........#..#.####....
.#########)............
#..............
####.#.o#o####....
#?.......#.# .##
#.#.......)# #
#.#.##.#...[....


You could see an orc priest and an orc wizard.

Vanquished Creatures
  An ogre (D:4)
  A phantom (D:5)
  A scorpion (D:5)
  A howler monkey (D:5)
  A crimson imp (D:6)
  A jelly (D:5)
  An orc priest (D:5)
  4 orc wizards
  An iguana (D:5)
  Ijyb (D:5)
  A worker ant (D:5)
  6 gnolls (D:6)
  11 adders
  A shadow imp (D:5)
  2 worms
  3 dart slugs
  3 leopard geckos
  15 orcs
  7 bats
  3 giant cockroaches
  10 goblins
  7 hobgoblins
  7 jackals
  8 kobolds
  A quokka (D:3)
  3 ball pythons
  5 frilled lizards
  5 rats
111 creatures vanquished.

Vanquished Creatures (collateral kills)
  An ogre (D:5)
  An orc wizard (D:5)
2 creatures vanquished.

Grand Total: 113 creatures vanquished

Notes
Turn   | Place    | Note
-------+----------+-------------------------------------------
     0 | D:1      | ohad the Octopode Transmuter began the quest for the Orb.
     0 | D:1      | Reached XP level 1. HP: 13/13 MP: 3/3
    57 | D:1      | Reached XP level 2. HP: 14/18 MP: 5/5
   601 | D:1      | Reached skill level 3 in Transmutations
   656 | D:1      | Reached XP level 3. HP: 16/23 MP: 4/6
   665 | D:1      | Learned a level 2 spell: Sticks to Snakes
   671 | D:1      | Learned a level 3 spell: Spider Form
  1506 | D:2      | Noticed a +0 dagger
  1507 | D:2      | Noticed a +0 dagger
  1510 | D:2      | Found a hide-covered altar of Uskayaw.
  1689 | D:2      | Reached XP level 4. HP: 11/28 MP: 6/8
  3124 | D:3      | Reached XP level 5. HP: 22/33 MP: 10/10
  3312 | D:3      | Learned a level 4 spell: Ice Form
  3609 | D:3      | Reached skill level 1 in Ice Magic
  4630 | D:4      | Found a shadowy altar of Dithmenos.
  4797 | D:4      | Noticed an ogre
  4811 | D:4      | Killed an ogre
  4811 | D:4      | Reached XP level 6. HP: 38/38 MP: 2/11
  5002 | D:4      | Reached skill level 4 in Transmutations
  5012 | D:4      | Found a hazy altar of Hepliaklqana.
  5236 | D:5      | Entered Level 5 of the Dungeon
  5555 | D:5      | Noticed Ijyb
  5568 | D:5      | Killed Ijyb
  5986 | D:5      | Reached XP level 7. HP: 38/43 MP: 6/13
  6627 | D:5      | Reached skill level 5 in Transmutations
  7330 | D:6      | Reached XP level 8. HP: 37/48 MP: 10/15
  7436 | D:6      | Killed from afar by an orc priest

Levels and vault maps discovered:
D:1:      roderic_crossed_star, layout_basic
D:2:      layout_basic, dancing_weapons_uskayaw
D:3:      layout_basic
D:4:      layout_gridville, nicolae_dithmenos_shadow_blocks,
          kennysheep_little_box, first_ration
D:5:      layout_cave_pools, uniq_ijyb
D:6:      layout_loops_ring, nemelex_xobeh_ov_fountains_minmay,
          lemuel_coloured_pillars_altar

Skill      XL: |  1  2  3  4  5  6  7 |
---------------+----------------------+-----
Transmutations | 3 4 5 |  5.3
Spellcasting   | 3 4 |  4.9
Ice Magic      | 3 |  3.4
Unarmed Combat | 4 |  4.9
Fighting       | |  1.0
Dodging        | |  2.0

Action                   |  1- 3 |  4- 6 |  7- 9 || total
-------------------------+-------+-------+-------++-------
Melee: Unarmed           |    84 |   167 |   116 ||   367
       Constrict         |    23 |    21 |     4 ||    48
       Kick              |     8 |    10 |       ||    18
       Tentacles         |    10 |     9 |     3 ||    22
       Punch             |       |     3 |       ||     3
Throw: Dart              |       |       |     1 ||     1
 Cast: Beastly Appendage |     8 |    12 |       ||    20
       Spider Form       |     2 |    12 |     6 ||    20
       Sticks to Snakes  |       |     8 |     2 ||    10
       Ice Form          |       |       |     5 ||     5
 Abil: End Transformatio |       |       |     2 ||     2
 Stab: Sleeping          |     3 |     8 |       ||    11
  Eat: Chunk             |     3 |    15 |     7 ||    25
Armor: Skin              |     9 |    13 |    14 ||    36
Dodge: Dodged            |    55 |   122 |    75 ||   252

Table legend:
 A = Non-vault XP
 B = Vault XP
 C = Vault XP percentage of total XP
 D = Non-vault monster count
 E = Vault monster count
 F = Vault count percentage of total count
                 A         B        C        D         E       F
            +---------+---------+-------+---------+---------+-------
      Total |    1248 |      33 |   2.6 |     112 |       1 |   0.9
            +---------+---------+-------+---------+---------+-------
        D:1 |      49 |       0 |   0.0 |      25 |       0 |   0.0
        D:2 |      84 |       0 |   0.0 |      28 |       0 |   0.0
        D:3 |     124 |       0 |   0.0 |      18 |       0 |   0.0
        D:4 |     127 |       0 |   0.0 |       5 |       0 |   0.0
        D:5 |     644 |      33 |   4.9 |      24 |       1 |   4.0
        D:6 |     220 |       0 |   0.0 |      12 |       0 |   0.0
            +---------+---------+-------+---------+---------+-------
